 Dungeon Crawl Stone Soup version 0.30-b1-2-g02819fbbbe (webtiles) character file.

Game seed: 18174438507610077381

19 MisterFreud the Sneak (level 2, 0/20 HPs)
             Began as a Gnoll Wanderer on Aug 25, 2023.
             Slain by a kobold
             ... wielding a +0 club
              (3 damage)
             ... on level 1 of the Dungeon.
             The game lasted 00:00:54 (426 turns).

MisterFreud the Sneak (Gnoll Wanderer)               Turns: 426, Time: 00:00:55

Health: 0/20       AC:  3    Str: 16    XL:     2   Next: 75%
Magic:  5/5        EV: 11    Int:  7    God:
Gold:   47         SH:  0    Dex: 10    Spells: 2/2 levels left

rFire   . . .        d - +0 hand axe
rCold   . . .        (no shield)
rNeg    . . .        h - +0 leather armour
rPois   .            (no helmet)
rElec   .            (no cloak)
rCorr   .            (no gloves)
SInv    .            (no boots)
Will    .....        (no amulet)
Stlth   +++          (no ring)
HPRegen 0.23/turn    (no ring)
MPRegen 0.09/turn

%: no passive effects
@: no status effects
A: fangs 1, strong nose, distributed training
a: no special abilities


You were on level 1 of the Dungeon.
You visited 1 branch of the dungeon, and saw 1 of its levels.

You collected 47 gold pieces.

Inventory:

Hand Weapons
 a - a +0 dagger
 d - a +0 hand axe (weapon)
 f - a +0 dagger
Missiles
 b - 8 atropa-tipped darts (quivered)
 c - a datura-tipped dart
 e - 9 poisoned darts
Armour
 h - a +0 leather armour (worn)
Scrolls
 g - a scroll of fog
 i - a scroll of immolation {unknown}
 j - 3 scrolls of identify {unknown}
 k - a scroll of amnesia {unknown}
Potions
 l - a potion of might {unknown}
 m - a potion of curing {unknown}


   Skills:
 + Level 0.5 Fighting
 + Level 0.5 Short Blades
 + Level 0.5 Long Blades
 + Level 4.5 Axes
 + Level 0.5 Maces & Flails
 + Level 0.5 Polearms
 + Level 0.5 Staves
 + Level 0.5 Ranged Weapons
 + Level 2.5 Throwing
 + Level 0.5 Armour
 + Level 0.5 Dodging
 + Level 7.7 Stealth
 + Level 0.5 Shields
 + Level 0.5 Unarmed Combat
 + Level 0.5 Spellcasting
 + Level 0.4 Conjurations
 + Level 0.4 Hexes
 + Level 0.4 Summonings
 + Level 0.4 Necromancy
 + Level 0.4 Translocations
 + Level 0.4 Transmutations
 + Level 0.4 Fire Magic
 + Level 0.4 Ice Magic
 + Level 0.4 Air Magic
 + Level 0.4 Earth Magic
 + Level 0.4 Poison Magic
 + Level 4.5 Invocations
 + Level 2.5 Evocations


You had 2 spell levels left.
You didn't know any spells.
Your spell library contained the following spells:

 Spells                   Type           Power      Damage    Failure   Level
 Apportation              Tloc           0%         N/A       43%         1
 Alistair's Intoxication  Tmut/Pois      0%         N/A       100%        5


Dungeon Overview and Level Annotations

Branches:
Dungeon (1/15)

Altars:


Innate Abilities, Weirdness & Mutations

You have very sharp teeth.
Your uncanny sense of smell can sniff out nearby items.
Your experience applies equally to all skills.


Message History

A ball python comes into view.
The kobold throws a stone.
The stone barely misses you. The kobold hits you with a +0 whip.
You see here a rat corpse.
There are monsters nearby!
You barely miss the kobold. You hit the ball python.
You kill the ball python!
The kobold throws a stone.
The stone closely misses you. The kobold barely misses you.
A giant cockroach comes into view.
You closely miss the kobold. Your bite misses the kobold.
The kobold hits you with a +0 whip.
Unknown command.
You are too injured to fight recklessly!
Unknown command.
You are too injured to fight recklessly!
Unknown command.
You are too injured to fight recklessly!
You hit the kobold.
The kobold is severely wounded.
The kobold throws a stone.
The stone hits you but does no damage. The kobold barely misses you.
The giant cockroach closely misses you.
You closely miss the kobold.
The kobold is severely wounded.
You closely miss the giant cockroach. The kobold hits you with a +0 whip.
The giant cockroach bites you but does no damage.
Unknown command.
You hit the dart slug.
The dart slug is heavily wounded.
You barely miss the kobold. You closely miss the giant cockroach.
The kobold hits you with a +0 whip.
* * * LOW HITPOINT WARNING * * *
The giant cockroach closely misses you. The dart slug launches a dart at you.
The slug dart hits you but does no damage.
You hit the dart slug but do no damage. You bite the dart slug.
The dart slug is heavily wounded.
You closely miss the kobold. You hit the kobold but do no damage.
You hit the giant cockroach. The kobold hits you with a +0 club.
You die...

#### #...##### #.......#
#.......+ #######
#.......# #.....#
#.......#######.....#
#....Kw.+...........#
#....K@.#....#......###
......B..............'..
......######.........###
##.... ##.##.....# ...##
∆###.#.....## ..∆
#.##.......# .
#.)†..##...##
######.#.....
#........#.###


You could see a dart slug, a giant cockroach and 2 kobolds.

Vanquished Creatures
  2 ball pythons (D:1)
  2 endoplasms (D:1)
  A giant cockroach (D:1)
  3 goblins (D:1)
  2 hobgoblins (D:1)
  2 bats (D:1)
  A frilled lizard (D:1)
  2 kobolds (D:1)
  4 rats (D:1)
19 creatures vanquished.

Notes
Turn   | Place    | Note
-------+----------+-------------------------------------------
     0 | D:1      | MisterFreud the Gnoll Wanderer began the quest for the Orb.
     0 | D:1      | MisterFreud set off with the following items: a +0 dagger,
                  | 2 atropa-tipped darts, a datura-tipped dart, a +0 hand axe,
                  | 9 poisoned darts, a +0 dagger, a scroll of fog, a +0
                  | leather armour.
     0 | D:1      | Reached XP level 1. HP: 13/13 MP: 3/3
   131 | D:1      | Reached XP level 2. HP: 13/19 MP: 5/5
   426 | D:1      | Slain by a kobold

Illustrated notes

Levels and vault maps discovered:
D:1:      ncdulo_lavacross, layout_basic, minmay_cut_off

Action                     || total
---------------------------++-------
  Melee: Hand axe          ||    56
         Dagger            ||     8
         Bite              ||     2
         Punch             ||     1
   Stab: Sleeping          ||     7
 Armour: Leather armour    ||    22
  Dodge: Dodged            ||    31
